 Dungeon Crawl Stone Soup version 0.20.0-15-g7f486f2 (webtiles) character file.

522310 dvd the Warrior (level 24, -1/238 HPs)
             Began as a Deep Dwarf Hunter on June 23, 2017.
             Was the Champion of Ru.
             Slain by a quicksilver dragon (7 damage)
             ... on level 4 of the Vaults.
             The game lasted 06:26:46 (63247 turns).

dvd the Warrior (Deep Dwarf Hunter)                Turns: 63247, Time: 06:26:47

Health: -1/238     AC: 23    Str: 36      XL:     24   Next: 15%
Magic:  26/26      EV: 20    Int: 18      God:    Ru [******]
Gold:   2305       SH:  5    Dex: 27 (28) Spells: 35/45 levels left

rFire    + . .     SeeInvis +   b - +9 long sword "Icerys" {slice, Str+7}
rCold    + + +     Gourm    .   (no shield)
rNeg     + + .     Faith    .   x - +7 Kryia's mail coat {PotionHeal*2 rC+}
rPois    +         Spirit   .   E - -2 hat of the Alchemist {rElec rPois rF+ rC+ rN+ MR+ rMut rCorr}
rElec    +         Reflect  +   Q - scarf {cloud immunity}
rCorr    +         Harm     .   D - +2 pair of gloves {Dex+3}
rMut     +                      t - +2 pair of boots {run}
MR       ++++.                  j - +5 amulet of reflection
Stlth    ..........             y - ring "Pijyakh" {*Drain rPois Int+5 Dex+7}
Regen    0.0/turn               Y - ring "Qoic" {AC+2 Str+7 SInv}
MPRegen  0.2/turn

@: exhausted, non-regenerating, heavily drained, quick
A: damage resistance, heal wounds, talons 1, cold resistance 1, deterioration 1,
mutation resistance 1, negative energy resistance 1, sense surroundings 3, no
stealth, inability to use devices, hated by all, no hexes magic, no ice magic,
no summoning magic, unskilled 1, no regeneration
}: 3/15 runes: serpentine, barnacled, slimy
a: Heal Wounds, Draw Out Power, Power Leap, Apocalypse, Renounce Religion


You were on level 4 of the Vaults.
You worshipped Ru.
Ru was exalted by your worship.
You were not hungry.

You visited 11 branches of the dungeon, and saw 50 of its levels.
You visited 1 bazaar.
You also visited: Labyrinth, Ice Cave and Desolation.

You collected 6435 gold pieces.
You spent 4130 gold pieces at shops.

Inventory:

Hand Weapons
 a - a +9 hand crossbow of velocity
 b - the +9 long sword "Icerys" (weapon) {slice, Str+7}
   (You found it on level 4 of the Dungeon)

   It inflicts extra damage upon your enemies.
   It affects your strength (+7).
 c - a +5 arbalest of flaming
 e - a +5 double sword of electrocution
 n - the +9 glaive of Spring {venom, +Inv rElec rC+ Stlth-}
   (You found it on level 5 of the Pits of Slime)

   It poisons the flesh of those it strikes.
   It protects you from cold.
   It insulates you from electricity.
   It lets you turn invisible.
   It makes you less stealthy.
 V - a +4 double sword of chaos
Missiles
 g - 18 javelins of penetration (quivered)
 J - 48 tomahawks
 W - 585 bolts
Armour
 d - the +7 chain mail "Geczeohu" {Dex+6}
   (You bought it in a shop on level 12 of the Dungeon)

   It affects your dexterity (+6).
 t - a +2 pair of boots of running (worn)
 x - the +7 Kryia's mail coat (worn) {PotionHeal*2 rC+}
   (You took it off a minotaur in a labyrinth)

   It protects you from cold.
 D - a +2 pair of gloves of dexterity (worn)
 E - the -2 hat of the Alchemist (worn) {rElec rPois rF+ rC+ rN+ MR+ rMut rCorr}
   (You found it in a labyrinth)

   It protects you from fire.
   It protects you from cold.
   It insulates you from electricity.
   It protects you from poison.
   It protects you from negative energy.
   It affects your resistance to hostile enchantments.
   It protects you from acid and corrosion.
   It protects you from mutation.
 Q - a scarf of cloud immunity (worn)
Jewellery
 i - the ring of the Greedy {+Fly rPois rN+ MR+ Stlth-}
   (You bought it in a shop on level 4 of the Snake Pit)

   [ring of protection from magic]

   It protects you from poison.
   It protects you from negative energy.
   It affects your resistance to hostile enchantments.
   It lets you fly.
   It makes you less stealthy.
 j - a +5 amulet of reflection (around neck)
 k - the amulet of the Four Winds {rN+ MR+++ Clar}
   (You bought it in a shop on level 4 of the Snake Pit)

   [amulet of nothing]

   It protects you from negative energy.
   It affects your resistance to hostile enchantments.
   It protects you against confusion.
 y - the ring "Pijyakh" (left hand) {*Drain rPois Int+5 Dex+7}
   (You found it in the Desolation of Salt)

   [ring of intelligence]

   It affects your intelligence (+5).
   It affects your dexterity (+7).
   It protects you from poison.
   It causes draining when unequipped.
 A - the amulet "Qoeklit" {Spirit rPois rC+ Str+3}
   (You found it on level 5 of the Pits of Slime)

   [amulet of guardian spirit]

   It causes incoming damage to be split between your health and magic.
   It affects your strength (+3).
   It protects you from cold.
   It protects you from poison.
 B - the ring "Pyck" {rPois MR+ Dex+2 Stlth-}
   (You took it off a deep elf master archer on level 3 of the Elven Halls)

   [ring of loudness]

   It affects your dexterity (+2).
   It protects you from poison.
   It affects your resistance to hostile enchantments.
   It makes you less stealthy.
 C - the ring of the Mage {Wiz MR++ Int+3}
   (You took it off a deep elf sorcerer on level 3 of the Elven Halls)

   [ring of wizardry]

   It improves your spell success rate.
   It affects your intelligence (+3).
   It affects your resistance to hostile enchantments.
 I - the ring of Ru's Delight {-Tele +Fly rF++ MP+9 SInv}
   (You found it in the Desolation of Salt)

   [ring of flight]

   It greatly protects you from fire.
   It affects your magic capacity (+9).
   It lets you see invisible.
   It lets you fly.
   It prevents most forms of teleportation.
 S - the amulet of the Air {Inacc +Fly rElec EV+5 RMsl}
   (You found it on level 3 of the Elven Halls)

   [amulet of inaccuracy]

   It reduces the accuracy of all your attacks.
   It affects your evasion (+5).
   It insulates you from electricity.
   It lets you fly.
   It protects you from missiles.
 Y - the ring "Qoic" (right hand) {AC+2 Str+7 SInv}
   (You bought it in a shop on level 3 of the Elven Halls)

   [ring of protection]

   It affects your AC (+2).
   It affects your strength (+7).
   It lets you see invisible.
Scrolls
 h - 2 scrolls of enchant weapon
 l - 9 scrolls of teleportation
 o - 3 scrolls of magic mapping
 q - 35 scrolls of identify
 v - 19 scrolls of remove curse
 K - 6 scrolls of immolation
 L - a scroll of enchant armour
 O - a scroll of fear
 P - 3 scrolls of blinking
 R - 12 scrolls of amnesia
 Z - 2 scrolls of fog
Potions
 p - a potion of agility
 s - 9 potions of brilliance
 u - 12 potions of curing
 z - 4 potions of mutation
 F - 5 potions of haste
 G - a potion of heal wounds
 H - 6 potions of flight
 M - 6 potions of resistance
 N - 3 potions of cancellation
Books
 T - a book of the Warp

   Spells                             Type                      Level
   a - Gell's Gravitas                Translocation                3
   b - Portal Projectile              Hexes/Translocation          3
   c - Force Lance                    Conjuration/Translocation    4
   d - Dispersal                      Translocation                6
   e - Controlled Blink               Translocation                8
   f - Disjunction                    Translocation                8
 X - Sif Muna's Reference Book on Damage Dealing and the Frostbite
   (You found it on level 5 of the Pits of Slime)

   Spells                             Type                      Level
   a - Dazzling Spray                 Conjuration/Hexes            3
   b - Bolt of Draining               Conjuration/Necromancy       5
   c - Conjure Ball Lightning         Conjuration/Air              6
   d - Simulacrum                     Ice/Necromancy               6
Comestibles
 f - 23 bread rations
 m - 15 meat rations
 r - 2 royal jellies
 w - 37 fruits


   Skills:
 + Level 18.6(16.3) Fighting
 + Level 16.2(14.0) Long Blades
   Level 2.6(1.0) Maces & Flails
 * Level 18.6(16.3) Crossbows
 + Level 4.2(2.6) Throwing
 + Level 15.7(13.5) Armour
 + Level 10.9(8.9) Dodging
 + Level 11.1(9.1) Spellcasting
 + Level 3.9(2.2) Conjurations
 + Level 14.2(12.1) Translocations


You had 35 spell levels left.
You knew the following spells:

 Your Spells              Type           Power        Failure   Level  Hunger
a - Blink                 Tloc           N/A          1%          2    None
b - Apportation           Tloc           ######       1%          1    None
c - Lesser Beckoning      Tloc           ######....   1%          3    None
d - Force Lance           Conj/Tloc      ####....     7%          4    ###....


Dungeon Overview and Level Annotations

Branches:
Dungeon (15/15)            Temple (1/1) D:6            Lair (6/6) D:9
 Shoals (4/4) Lair:3        Snake (4/4) Lair:4        Slime (5/5) Lair:6
    Orc (2/2) D:9             Elf (3/3) Orc:2        Vaults (5/5) D:13
  Crypt (3/3) Vaults:3       Tomb (0/3) Crypt:3      Depths (2/5) D:15

Altars:
Ashenzari
Cheibriados
Dithmenos
Elyvilon
Fedhas
Gozag
Hepliaklqana
Kikubaaqudgha
Makhleb
Nemelex Xobeh
Okawaru
Qazlal
Ru
Sif Muna
Trog
Uskayaw
Vehumet
Xom
Yredelemnul
Zin
The Shining One
Beogh
Jiyva
Lugonu

Shops:
D:5 !   D:8 %   D:12 *   D:14 (   Orc:2 ([=(   Elf:1 %   Elf:2 [*:
Elf:3 }==%}:   Shoals:3 **(?   Snake:4 =   Vaults:3 }*   Depths:1 %

Portals:
Hell: Depths:1


Innate Abilities, Weirdness & Mutations

You are resistant to damage.
You can heal yourself by infusing magical energy.
You resist negative energy. (rN+)
You passively map a large area around you.
You cannot be stealthy.
You cannot study or use magical devices.
You are hated by all.
You cannot study or cast Hexes magic.
You cannot study or cast Ice magic.
You cannot study or cast Summoning magic.
You are somewhat unskilled. (-1 Apt)
You do not regenerate.
You have sharp toenails.
Your flesh is cold resistant. (rC+)
Your body sometimes deteriorates upon taking damage.
You are somewhat resistant to further mutation.


Message History

The quicksilver dragon is severely wounded.
The quicksilver dragon begins to attack, but is stunned by your will!
You hit the quicksilver dragon.
The quicksilver dragon is severely wounded.
The quicksilver dragon bites you but does no damage.
The quicksilver dragon claws you but does no damage.
You closely miss the quicksilver dragon.
The quicksilver dragon is severely wounded.
The quicksilver dragon bites you but does no damage.
The quicksilver dragon closely misses you.
You hit the quicksilver dragon but do no damage.
The quicksilver dragon is severely wounded.
The quicksilver dragon breathes dispelling energy at you.
The bolt of dispelling energy misses you.
You slash the quicksilver dragon!
The quicksilver dragon is almost dead.
The quicksilver dragon bites you!
* * * LOW HITPOINT WARNING * * *
The quicksilver dragon claws you!
You die...

#'#...# ####..#.# # .###..#
#.'..#### # ..###.# ##'##'#..# #
...#### #...#.'..# #### #####
....# #...###..# #..###..))
################'##### #..'.'...#
........# #......# ##'#'#(..#
........# #D.†...# #.#.#####
........# #.@....# #####)'.#
........# #......# #...#[#[##
........# #......# #...'.)..#
........# #......# #...###..#
####'##############'#####'#######
....................).......#
............................#
...............[|...........# #
................)...........# ###


You could see a quicksilver dragon.

Vanquished Creatures
  the Royal Jelly (Slime:5)
  Bai Suzhen (Vaults:4)
  A tentacled monstrosity (Vaults:4)
  A titan (Vaults:4)
  3 deep elf master archers (Elf:3)
  27 acid blobs
  A kraken (Shoals:4)
  5 deep elf blademasters (Elf:3)
  Gastronok (Lair:2)
  Agnes (Elf:1)
  5 ancient champions (Crypt:3)
  3 tengu reavers
  15 nagarajas
  Ilsuiw (Shoals:4)
  17 azure jellies
  3 revenants
  3 fire giants
  4 vault wardens
  An orc warlord (Orc:2)
  2 frost giants (Depths:1)
  An imperial myrmidon (Desolation)
  11 deep elf sorcerers
  A caustic shrike zombie (Crypt:1)
  2 deep elf elementalists (Elf:3)
  3 reapers
  5 ghouls
  7 very ugly things
  11 ironheart preservers
  5 deep elf demonologists
  An entropy weaver (Vaults:2)
  7 stone giants
  9 vampire knights
  5 deep elf annihilators
  Nessos (D:13)
  Azrael (D:13)
  2 halazid warlocks (Desolation)
  3 crystal guardians
  4 eidola
  2 ettins (Depths:1)
  A minotaur (Lab)
  2 merfolk javelineers (Shoals:4)
  5 deep elf death magi
  Josephine (D:15)
  5 fire dragons
  7 jiangshi
  7 death oozes (Slime:5)
  2 deep elf high priests (Elf:3)
  7 merfolk impalers
  13 ogre magi
  11 great orbs of eyes
  8 servants of whispers (Desolation)
  3 yaktaur captains
  3 rakshasas
  3 ragged hierophants (Desolation)
  26 vault guards
  23 naga warriors
  4 ice dragons
  7 hydras
  The ghost of PeterMcNeter the Thaumaturge, a journeyman DECj of Sif Muna (Lair:2)
  5 peacekeepers (Desolation)
  12 centaur warriors
  3 merfolk avatars
  Erica (D:8)
  3 anacondas
  26 dancing weapons
  4 death knights
  2 satyrs
  3 deep troll shamans
  3 merfolk aquamancers (Shoals:4)
  32 two-headed ogres
  9 death yaks
  3 deep troll earth magi
  A tengu warrior (D:15)
  5 spriggan berserkers (Depths:1)
  10 shock serpents
  3 orc high priests (Orc:2)
  2 sun demons (Depths:1)
  3 vampire magi
  2 titan skeletons
  17 deep elf knights
  Sonja (D:13)
  11 naga sharpshooters
  4 soul eaters
  2 salamander mystics
  2 iron trolls
  6 shadow wraiths
  12 sea snakes
  32 skeletal warriors
  2 glowing orange brains
  An entropy weaver zombie (Crypt:2)
  11 deep trolls
  A lindwurm (shapeshifter) (Vaults:1)
  A lindwurm (Lair:6)
  2 flayed ghosts
  6 unseen horrors
  8 naga ritualists
  14 deep elf archers
  Pikel (D:7)
  A tengu zombie (Vaults:3)
  5 phantasmal warriors
  19 ironbrand convokers
  21 harpies
  14 orc knights
  3 wizards
  8 necromancers
  28 ugly things
  A wolf spider (shapeshifter) (Vaults:5)
  A fire giant zombie (Crypt:2)
  7 wolf spiders
  14 mana vipers
  53 deep elf magi
  9 orc sorcerers
  9 salamanders
  5 shining eyes
  A frost giant zombie (Crypt:1)
  4 oklob plants (Lair:6)
  11 manticores
  17 fauns
  10 cyclopes
  6 elephants (Lair:6)
  Joseph (D:7)
  6 water nymphs
  8 guardian serpents
  49 black mambas
  A fire giant skeleton (Crypt:2)
  A water nymph (shapeshifter) (D:15)
  9 merfolk sirens
  A frost giant skeleton (Crypt:3)
  A torpor snail (Lair:2)
  A molten gargoyle (Desolation)
  An eye of devastation (Slime:4)
  6 centaur skeletons
  3 ice statues
  26 naga magi
  An alligator snapping turtle zombie (Crypt:2)
  16 vault sentinels
  A storm dragon simulacrum (Vaults:3)
  27 spiny frogs
  A grey draconian zombie (Crypt:2)
  2 human zombies
  6 komodo dragons
  5 rime drakes
  A white draconian skeleton (Crypt:3)
  A kobold demonologist (D:12)
  27 yaktaurs
  An ice devil (Lair:4)
  10 freezing wraiths
  A yaktaur zombie (Vaults:4)
  A tengu conjurer (Depths:1)
  A purple draconian skeleton (Crypt:1)
  A red devil (D:15)
  2 harpy zombies
  A queen bee (D:13)
  19 merfolk
  3 guardian mummies (Crypt:3)
  8 trolls
  A queen bee (shapeshifter) (Elf:3)
  4 wind drakes
  3 meliai (D:13)
  A yaktaur skeleton (Vaults:3)
  2 hydra zombies
  A shadow dragon simulacrum (Vaults:3)
  56 saltlings
  3 tyrant leeches (Lair:6)
  9 hornets
  Grinder (D:5)
  3 polar bears
  8 hippogriffs
  2 hydra skeletons
  A guardian serpent zombie (Crypt:2)
  9 snapping turtles
  15 blink frogs
  A bog body (Crypt:2)
  77 slime creatures
  A sphinx simulacrum (Vaults:3)
  A fire giant simulacrum (Crypt:1)
  2 hippogriffs (shapeshifter)
  A fire dragon zombie (Crypt:1)
  4 flying skulls (Crypt:2)
  An ettin skeleton (Crypt:1)
  The ghost of ZomBoFoB the Cudgeler, an amateur OgGl (D:3)
  A spriggan (Lair:2)
  4 vampires
  3 wyverns
  A spriggan (shapeshifter) (Vaults:4)
  An ushabti (Crypt:3)
  A shadow (Crypt:1)
  A centaur simulacrum (D:15)
  2 air elementals
  36 yaks
  A tarantella (shapeshifter) (Depths:1)
  12 wraiths
  A human (shapeshifter) (Vaults:2)
  2 steam dragons
  3 hungry ghosts
  2 hogs (D:7)
  8 water elementals
  A redback (Vaults:2)
  7 golden eyes
  6 fire elementals
  4 basilisks
  8 vampire mosquitoes
  A human (D:7)
  7 wargs
  A deep troll zombie (Vaults:3)
  75 nagas
  2 soldier ants
  3 human skeletons
  18 water moccasins
  4 acid dragons
  A merfolk skeleton (Crypt:1)
  7 porcupines
  4 hell hounds (D:13)
  21 ice beasts
  5 sky beasts
  A two-headed ogre skeleton (Crypt:2)
  35 orc warriors
  A slave (D:7)
  2 black bears (shapeshifter)
  2 black bears (D:9)
  4 eyes of draining
  37 ogres
  6 phantoms
  3 snapping turtle zombies
  An ettin simulacrum (Vaults:4)
  A hornet zombie (D:13)
  An elf zombie (Vaults:2)
  3 necrophages
  A snapping turtle skeleton (Crypt:2)
  29 centaurs
  20 wolves
  A rime drake zombie (Crypt:2)
  7 big kobolds
  9 crocodiles
  An octopode zombie (Crypt:1)
  3 earth elementals (Elf:3)
  Blork the orc (D:5)
  26 bullfrogs
  A hippogriff skeleton (Crypt:3)
  6 gnoll sergeants
  A draconian skeleton (Crypt:3)
  A glowing shapeshifter simulacrum (Vaults:1)
  3 scorpions
  21 killer bees
  A human simulacrum (Vaults:3)
  3 electric eels
  4 wights
  6 crimson imps
  9 centaur zombies
  2 bullfrog zombies
  A quasit (D:10)
  A gnoll shaman (D:6)
  21 orc priests
  6 hounds
  31 orc wizards
  A bullfrog skeleton (D:5)
  5 iguanas
  Ijyb (D:2)
  Natasha (D:4)
  Terence (D:3)
  5 worker ants
  An ogre skeleton (Crypt:3)
  4 hound skeletons
  A worker ant zombie (D:10)
  A howler monkey zombie (D:10)
  15 gnolls
  20 adders
  6 shadow imps
  3 white imps
  A worker ant simulacrum (D:11)
  An ooze (D:2)
  2 adder zombies (D:6)
  2 worms (D:3)
  A dart slug (D:3)
  6 leopard geckos
  117 orcs
  3 ball pythons
  9 bats
  9 giant cockroaches
  A gnoll zombie (Crypt:1)
  14 goblins
  10 hobgoblins
  11 jackals
  6 quokkas
  3 frilled lizards
  A frilled lizard zombie (Crypt:1)
  19 kobolds
  A quokka skeleton (D:9)
  5 rats
  A river rat skeleton (Crypt:2)
  5 fungi
  11 plants
  4 tentacles (Shoals:4)
2162 creatures vanquished.

Vanquished Creatures (others)
  An acid blob (Slime:4)
  Donald (Slime:3)
  An azure jelly (Slime:5)
  A war gargoyle (Vaults:4)
  An ironheart preserver (Vaults:4)
  2 stone giants
  A jiangshi (Crypt:3)
  A naga warrior (Snake:4)
  An anaconda (Snake:2)
  A centaur warrior (Depths:1)
  3 two-headed ogres (Vaults:4)
  2 dancing weapons
  A death yak (Lair:2)
  A deep elf knight (Elf:1)
  2 deep trolls
  A wizard (D:4)
  A harpy (Vaults:1)
  3 fauns
  A cyclops (D:15)
  A manticore (Shoals:1)
  A centaur zombie (D:15)
  A naga mage (Snake:4)
  A black mamba (Snake:4)
  An eye of devastation (Slime:4)
  A spiny frog (Lair:5)
  4 yaktaurs
  A troll (D:12)
  A saltling (Desolation)
  A slime creature (Slime:2)
  A vampire (Vaults:3)
  2 nagas
  A water moccasin (Lair:3)
  A black bear (shapeshifter) (Vaults:4)
  A slave (D:7)
  2 ogres
  A wolf (Lair:5)
  2 centaurs
  A crocodile (Lair:5)
  A bullfrog (Lair:6)
  A gnoll sergeant (D:9)
  A killer bee (D:13)
  4 orcs
  6 fungi
  57 plants
  29 tentacles (Shoals:4)
  3 withered plants (Crypt:3)
153 creatures vanquished.

Grand Total: 2315 creatures vanquished

Notes
Turn   | Place    | Note
-------+----------+-------------------------------------------
     0 | D:1      | dvd the Deep Dwarf Hunter began the quest for the Orb.
     0 | D:1      | Reached XP level 1. HP: 19/19 MP: 1/1
   279 | D:1      | Reached XP level 2. HP: 26/26 MP: 2/2
   430 | D:1      | Reached skill level 5 in Crossbows
  1085 | D:2      | Reached XP level 3. HP: 24/32 MP: 3/3
  1527 | D:2      | Noticed Ijyb
  1612 | D:2      | Reached XP level 4. HP: 22/39 MP: 4/4
  1715 | D:2      | Killed Ijyb
  1814 | D:2      | Reached skill level 1 in Maces & Flails
  1858 | D:2      | You fall through a shaft for 2 floors!
  1957 | D:4      | Got a crystal long sword
  2002 | D:4      | Reached skill level 1 in Armour
  2015 | D:4      | Reached XP level 5. HP: 22/45 MP: 5/5
  2264 | D:4      | Noticed Natasha
  2267 | D:4      | Reached XP level 6. HP: 46/55 MP: 6/6
  2273 | D:4      | Killed Natasha
  2306 | D:3      | Reached skill level 1 in Evocations
  2397 | D:3      | Noticed ZomBoFoB's ghost (amateur OgGl)
  2578 | D:2      | Identified the +9 long sword "Icerys" {slice, Str+7} (You found it on level 4 of the Dungeon)
  2693 | D:3      | Noticed Terence
  2737 | D:3      | Killed Terence
  3045 | D:3      | Killed ZomBoFoB's ghost
  3045 | D:3      | Reached skill level 1 in Long Blades
  3045 | D:3      | Reached XP level 7. HP: 30/61 MP: 8/8
  3348 | D:4      | Got a jewelled short sword
  3384 | D:4      | Learned a level 2 spell: Blink
  3534 | D:4      | Found a bloodstained altar of Trog.
  3535 | D:4      | Noticed a wizard
  3540 | D:4      | Killed a wizard
  3587 | D:5      | Entered Level 5 of the Dungeon
  3587 | D:5      | Found Feuteli's Distillery.
  3603 | D:5      | Bought a potion of curing for 42 gold pieces
  3603 | D:5      | Bought a potion of heal wounds for 70 gold pieces
  3603 | D:5      | Bought a potion of curing for 42 gold pieces
  3804 | D:5      | Noticed Grinder
  3804 | D:5      | Paralysed by Grinder for 4 turns
  3811 | D:5      | HP: 3/62 [Grinder/nerve-wracking pain (8)]
  3819 | D:5      | Killed Grinder
  3819 | D:5      | Reached XP level 8. HP: 15/69 MP: 9/9
  3822 | D:5      | Noticed Blork the orc
  3831 | D:5      | Killed Blork the orc
  4057 | D:5      | Found a sacrificial altar of Ru.
  4066 | D:5      | Became a worshipper of Ru the Awakened
  4112 | D:5      | Found an iron altar of Okawaru.
  4112 | D:5      | Found a glowing silver altar of Zin.
  4117 | D:5      | Found a shadowy altar of Dithmenos.
  4265 | D:6      | Reached skill level 5 in Long Blades
  4506 | D:6      | Gained mutation: You passively map the area around you. [Deep Dwarf growth]
  4506 | D:6      | Reached XP level 9. HP: 49/78 MP: 10/10
  4540 | D:6      | Found a staircase to the Ecumenical Temple.
  4548 | Temple   | Entered the Ecumenical Temple
  4763 | D:6      | Reached skill level 5 in Armour
  4815 | D:6      | Gained mutation: You are somewhat unskilled. (-1 Apt) [Ru sacrifice]
  4815 | D:6      | Reached * piety under Ru
  4815 | D:6      | Reached ** piety under Ru
  4971 | D:6      | Got a steaming leather armour
  4982 | D:6      | Identified the +1 leather armour "Rebbet" {rElec rPois Int-3 SInv} (You found it on level 6 of the Dungeon)
  4982 | D:6      | Identified the +11 short sword of Putrescence {pierce, *Rage rElec Int+5 SInv} (You found it on level 4 of the Dungeon)
  5636 | D:7      | Found a shattered altar of Ashenzari.
  5702 | D:7      | Noticed Pikel
  5711 | D:7      | Noticed Joseph
  5716 | D:7      | Killed Pikel
  5730 | D:7      | Killed Joseph
  5730 | D:7      | Reached skill level 5 in Armour
  5951 | D:7      | Gained mutation: You are somewhat resistant to further mutation. [mutagenic meat]
  6205 | D:7      | Reached XP level 10. HP: 43/87 MP: 11/11
  6222 | D:7      | Reached skill level 5 in Fighting
  6440 | D:8      | Found a snail-covered altar of Cheibriados.
  6652 | D:8      | Gained mutation: You are hated by all. [Ru sacrifice]
  6652 | D:8      | Reached *** piety under Ru
  6686 | D:8      | Noticed Erica
  6706 | D:8      | Killed Erica
  6830 | D:8      | Found Rojig's Food Shop.
  6832 | D:8      | Noticed a two-headed ogre
  6838 | D:8      | Killed a two-headed ogre
  7506 | D:9      | Lost mutation: You are somewhat resistant to further mutation. [potion of mutation]
  7506 | D:9      | Gained mutation: Your body sometimes deteriorates upon taking damage. [potion of mutation]
  7506 | D:9      | Gained mutation: Your flesh is cold resistant. (rC+) [potion of mutation]
  7597 | D:9      | Found a staircase to the Lair.
  7677 | D:9      | Found a staircase to the Orcish Mines.
  7700 | D:9      | Reached XP level 11. HP: 76/97 MP: 12/12
  8308 | D:9      | Noticed a centaur warrior
  8345 | D:9      | Killed a centaur warrior
  8695 | D:10     | Entered Level 10 of the Dungeon
  8723 | D:10     | Gained mutation: You cannot study or cast Ice magic. [Ru sacrifice]
  8723 | D:10     | Gained mutation: You cannot study or cast Hexes magic. [Ru sacrifice]
  8723 | D:10     | Gained mutation: You cannot study or cast Summoning magic. [Ru sacrifice]
  8723 | D:10     | Reached **** piety under Ru
  8877 | D:10     | Reached skill level 5 in Dodging
  8961 | D:10     | Reached skill level 10 in Long Blades
  9053 | D:10     | Noticed an unseen horror
  9069 | D:10     | Killed an unseen horror
  9194 | D:10     | Noticed a two-headed ogre
  9205 | D:10     | Killed a two-headed ogre
  9596 | D:10     | Reached XP level 12. HP: 74/109 MP: 13/13
  9918 | D:11     | Reached skill level 10 in Crossbows
  9921 | D:11     | Noticed a death knight
 10071 | Lair:1   | Entered Level 1 of the Lair of Beasts
 10295 | Lair:1   | Gained mutation: You cannot study or use magical devices. [Ru sacrifice]
 10295 | Lair:1   | Reached ***** piety under Ru
 11057 | Lair:2   | Noticed Gastronok
 11076 | Lair:2   | Killed Gastronok
 11279 | Lair:2   | Noticed a death yak
 11305 | Lair:2   | Killed a death yak
 11346 | Lair:2   | Noticed PeterMcNeter's ghost (journeyman DECj)
 11359 | Lair:2   | Killed PeterMcNeter's ghost
 12193 | Lair:3   | Noticed a death yak
 12193 | Lair:3   | Noticed a death yak
 12194 | Lair:3   | Noticed a death yak
 12194 | Lair:3   | Noticed a death yak
 12194 | Lair:3   | Noticed a death yak
 12198 | Lair:3   | Noticed a death yak
 12215 | Lair:3   | Killed a death yak
 12220 | Lair:3   | Killed a death yak
 12228 | Lair:3   | Killed a death yak
 12245 | Lair:3   | Killed a death yak
 12245 | Lair:3   | Reached XP level 13. HP: 110/120 MP: 13/13
 12272 | Lair:3   | Reached skill level 5 in Stealth
 12330 | Lair:3   | Found a staircase to the Shoals.
 12443 | Lair:3   | Gained mutation: You cannot be stealthy. [Ru sacrifice]
 12443 | Lair:3   | Reached ****** piety under Ru
 13147 | Lair:4   | Reached skill level 1 in Translocations
 13169 | Lair:4   | Found a frozen archway.
 13247 | IceCv    | Entered an ice cave
 13248 | IceCv    | Found a transporter.
 13336 | IceCv    | Gained mutation: You are somewhat resistant to further mutation. [mutagenic meat]
 13804 | Lair:4   | Found a staircase to the Snake Pit.
 14603 | Lair:5   | Reached skill level 1 in Spellcasting
 14962 | Lair:6   | Entered Level 6 of the Lair of Beasts
 15078 | Lair:5   | Gained mutation: You resist negative energy. (rN+) [Deep Dwarf growth]
 15078 | Lair:5   | Reached XP level 14. HP: 53/130 MP: 9/16
 15318 | Lair:6   | Reached skill level 5 in Translocations
 15318 | Lair:6   | Reached skill level 10 in Fighting
 15684 | Lair:6   | Found a runed door.
 15685 | Lair:6   | Found a viscous altar of Jiyva.
 15687 | Lair:6   | Found a staircase to the Slime Pits.
 16387 | Orc:1    | Entered Level 1 of the Orcish Mines
 16557 | Orc:2    | Entered Level 2 of the Orcish Mines
 16729 | Orc:2    | Found a roughly hewn altar of Beogh.
 16822 | Orc:1    | Found a roughly hewn altar of Beogh.
 17072 | Orc:2    | Reached skill level 10 in Armour
 17248 | Orc:2    | Found a roughly hewn altar of Beogh.
 17249 | Orc:2    | Found Ikyxawk's Weapon Boutique.
 18005 | D:11     | Got a slimy hunting sling
 18006 | D:11     | Identified the +5 hunting sling "Jiuggox" {freeze, *Contam rElec rPois} (You found it on level 11 of the Dungeon)
 18136 | D:12     | Found Nogyck's Assorted Antiques.
 18147 | D:12     | Bought a dazzling chain mail for 294 gold pieces
 18157 | D:12     | Identified the +7 chain mail "Geczeohu" {Dex+6} (You bought it in a shop on level 12 of the Dungeon)
 18778 | D:12     | Gained mutation: You have sharp toenails. [mutagenic meat]
 18818 | D:12     | Reached XP level 15. HP: 65/140 MP: 18/18
 19168 | D:13     | Noticed Azrael
 19182 | D:13     | Killed Azrael
 19276 | D:13     | Noticed Sonja
 19282 | D:13     | Killed Sonja
 19519 | D:13     | Found a gate to the Vaults.
 19683 | D:13     | Noticed Nessos
 19712 | D:13     | Killed Nessos
 19739 | D:13     | Identified a scroll of acquirement
 20668 | Orc:2    | Reached skill level 1 in Throwing
 20676 | Orc:2    | Found a roughly hewn altar of Beogh.
 20680 | Orc:2    | Found Nurph's Jewellery Shop.
 21048 | Orc:2    | Found a roughly hewn altar of Beogh.
 21129 | Orc:2    | Found a staircase to the Elven Halls.
 21179 | Orc:2    | Noticed an orc warlord
 21191 | Orc:2    | Killed an orc warlord
 21380 | Orc:2    | Found Tiagou Aptuo's Antique Armour Shoppe.
 21382 | Orc:2    | Found a roughly hewn altar of Beogh.
 21387 | Orc:2    | Found Weujof's Antique Weapon Emporium.
 22552 | D:14     | Found Icsog's Weapon Shop.
 23301 | D:15     | Entered Level 15 of the Dungeon
 23331 | D:15     | Found a labyrinth entrance.
 23404 | Lab      | Entered a labyrinth
 23987 | Lab      | Got a faintly glowing scimitar {flame}
 23988 | Lab      | Identified the +2 scimitar "Goir" {flame, rF+ rN++ Stlth-} (You took it off a minotaur in a labyrinth)
 24013 | Lab      | Got an ichor-stained long sword
 24054 | D:15     | Found a corrupted altar of Lugonu.
 24129 | D:15     | Got a warped amber ring
 24131 | D:15     | Identified the ring "Okemoh" {MR+ Dex+2} (You found it on level 15 of the Dungeon)
 24302 | D:15     | Identified the +1 long sword "Exaemoan" {antimagic, Str+6} (You found it in a labyrinth)
 24360 | D:15     | Found a staircase to the Depths.
 24449 | D:15     | Found an opulent altar of Gozag.
 24492 | D:15     | Noticed Josephine
 24503 | D:15     | Killed Josephine
 24821 | D:15     | Reached XP level 16. HP: 47/152 MP: 16/16
 25303 | Snake:1  | Entered Level 1 of the Snake Pit
 29076 | Snake:3  | Reached XP level 17. HP: 136/162 MP: 16/16
 29971 | Snake:4  | Entered Level 4 of the Snake Pit
 30001 | Snake:4  | Found Dunyem's Jewellery Shoppe.
 30174 | Snake:4  | Identified Sif Muna's Almanac of Glacial Contamination
 30295 | Snake:4  | Found a radiant altar of Vehumet.
 31465 | Snake:4  | Got a serpentine rune of Zot
 31701 | Snake:4  | Found a runed door.
 32135 | Snake:4  | Got a crude plate armour
 32146 | Snake:4  | Identified the +0 plate armour "Gaduosiu" {rN+ Slay+2} (You found it on level 4 of the Snake Pit)
 32302 | Shoals:1 | Entered Level 1 of the Shoals
 32346 | Shoals:1 | Gained mutation: You passively map a large area around you. [Deep Dwarf growth]
 32346 | Shoals:1 | Reached XP level 18. HP: 170/175 MP: 17/17
 33135 | Shoals:2 | Reached skill level 15 in Long Blades
 33753 | Shoals:2 | Found a glowing golden altar of the Shining One.
 34062 | Shoals:3 | Found Peecid's Antique Weapon Emporium.
 34074 | Shoals:3 | Found Zoweer's Magic Scroll Emporium.
 34263 | Shoals:3 | Found Fouxima's General Store.
 34271 | Shoals:3 | Bought 22 bolts for 66 gold pieces
 34291 | Shoals:3 | Found Vuxe's General Store.
 34698 | Shoals:4 | Entered Level 4 of the Shoals
 34745 | Shoals:4 | Found a flickering gateway to a bazaar.
 34797 | Bazaar   | Entered a bazaar
 34804 | Bazaar   | Found Difrargh's Jewellery Shop.
 34824 | Bazaar   | Found Conin's Antique Armour Shop.
 34861 | Bazaar   | Bought a glowing scarf for 248 gold pieces
 35034 | Shoals:4 | Noticed Ilsuiw
 35176 | Shoals:4 | Killed Ilsuiw
 35436 | Shoals:4 | Identified a +2 pair of boots of running (You found it on level 4 of the Shoals)
 35914 | Shoals:4 | Got a barnacled rune of Zot
 36539 | D:14     | Bought 27 bolts for 97 gold pieces
 36816 | Snake:4  | Bought the ring of the Greedy {+Fly rPois rN+ MR+ Stlth-} for 616 gold pieces
 36816 | Snake:4  | Bought the amulet of the Four Winds {rN+ MR+++ Clar} for 658 gold pieces
 37062 | Vaults:1 | Entered Level 1 of the Vaults
 37191 | Vaults:1 | Reached skill level 15 in Fighting
 37575 | Vaults:1 | Reached skill level 5 in Spellcasting
 37575 | Vaults:1 | Reached XP level 19. HP: 81/186 MP: 6/19
 38114 | Vaults:1 | Found a shadowy altar of Dithmenos.
 41492 | Vaults:2 | Reached skill level 10 in Translocations
 41559 | Vaults:3 | Found Derih's Assorted Antiques.
 41722 | Vaults:3 | Found Dogufeul's Gadget Shoppe.
 42021 | Vaults:3 | Reached XP level 20. HP: 192/196 MP: 18/23
 42142 | Vaults:3 | Learned a level 1 spell: Apportation
 42146 | Vaults:3 | Learned a level 3 spell: Lesser Beckoning
 43173 | Vaults:3 | Found a staircase to the Crypt.
 43541 | Elf:1    | Entered Level 1 of the Elven Halls
 43541 | Elf:1    | Found Jeeck's Food Shoppe.
 43585 | Elf:1    | Noticed Agnes
 43599 | Elf:1    | Killed Agnes
 43704 | Elf:1    | Found a ruined gateway.
 43739 | Desolati | Entered the Desolation of Salt
 43962 | Desolati | Got an ancient turquoise ring
 43964 | Desolati | Identified the ring "Pijyakh" {*Drain rPois Int+5 Dex+7} (You found it in the Desolation of Salt)
 43972 | Desolati | Got a garnet-encrusted chain mail
 43983 | Desolati | Identified the +2 chain mail "Olih" {rN+ Dex+3} (You found it in the Desolation of Salt)
 44759 | Desolati | Reached skill level 15 in Crossbows
 45166 | Desolati | Got a vibrating lapis lazuli ring
 45168 | Desolati | Identified the ring "Symumpil" {MR+ Stlth+} (You found it in the Desolation of Salt)
 45174 | Desolati | Got a translucent turquoise ring
 45176 | Desolati | Identified the ring of Ru's Delight {-Tele +Fly rF++ MP+9 SInv} (You found it in the Desolation of Salt)
 45179 | Desolati | Identified the cursed +1 robe of Yngeluwk {rElec Str-5 Int+6 Dex+4} (You found it in the Desolation of Salt)
 45632 | Shoals:3 | Bought a scroll of enchant weapon for 127 gold pieces
 46017 | Elf:1    | Identified the Catalogue of Arcane Weapons
 46613 | Elf:2    | Learned a level 4 spell: Force Lance
 46770 | Elf:2    | Found a runed gate.
 46772 | Elf:2    | Found a runed gate.
 46788 | Elf:2    | Found Beggauk's Armour Boutique.
 46809 | Elf:2    | Found Ytuge's General Store.
 47271 | Elf:2    | Found Cemen's Book Emporium.
 47279 | Elf:2    | Bought a book of the Warp for 1260 gold pieces
 47432 | Elf:2    | Found a runed gate.
 47902 | Elf:2    | Reached skill level 10 in Dodging
 47982 | Elf:2    | Reached XP level 21. HP: 110/207 MP: 23/26
 48544 | Elf:3    | Entered Level 3 of the Elven Halls
 48544 | Elf:3    | Found Rojig's Gadget Emporium.
 48672 | Elf:3    | Found Gyudey's Book Boutique.
 48813 | Elf:3    | Found Ririsepp's Food Shoppe.
 48880 | Elf:3    | Found Ytaciotont's Gadget Shoppe.
 48880 | Elf:3    | Found Hamyvyzo's Jewellery Shop.
 48915 | Elf:3    | Found Edobaah's Jewellery Shop.
 48947 | Elf:3    | Bought the ring "Qoic" {AC+2 Str+7 SInv} for 610 gold pieces
 49645 | Elf:3    | Got a fine lead ring
 49652 | Elf:3    | Identified the ring "Pyck" {rPois MR+ Dex+2 Stlth-} (You took it off a deep elf master archer on level 3 of the Elven Halls)
 49712 | Elf:3    | Identified Gaxomum's Handbook of the Blaze
 49845 | Elf:3    | Got a faintly glowing war axe {chop}
 49846 | Elf:3    | Identified the +9 war axe "Tilaume" {chop, MR+} (You took it off a deep elf death mage on level 3 of the Elven Halls)
 50623 | Vaults:4 | Reached skill level 15 in Armour
 51735 | Vaults:4 | Noticed Bai Suzhen
 51756 | Vaults:4 | Killed Bai Suzhen
 51958 | Vaults:4 | Reached XP level 22. HP: 161/218 MP: 28/28
 52867 | Slime:1  | Entered Level 1 of the Pits of Slime
 53666 | Slime:3  | Killed Donald
 54582 | Slime:5  | Entered Level 5 of the Pits of Slime
 54825 | Slime:5  | Noticed the Royal Jelly
 55187 | Slime:5  | Killed the Royal Jelly
 55304 | Slime:5  | Got a slimy rune of Zot
 55442 | Slime:5  | Got a warped sapphire amulet
 55444 | Slime:5  | Identified the amulet "Qoeklit" {Spirit rPois rC+ Str+3} (You found it on level 5 of the Pits of Slime)
 55467 | Slime:5  | Got a slimy scale mail
 55478 | Slime:5  | Identified the +1 scale mail of Vampiric Thralls {Str+4} (You found it on level 5 of the Pits of Slime)
 55508 | Slime:5  | Identified Sif Muna's Reference Book on Damage Dealing and the Frostbite
 55554 | Slime:5  | Got a pitted shortbow
 55555 | Slime:5  | Identified the +6 shortbow "Joyw" {speed, Fragile rC++ Int+4} (You found it on level 5 of the Pits of Slime)
 55566 | Slime:5  | Got an iridescent glaive
 55567 | Slime:5  | Identified the +9 glaive of Spring {venom, +Inv rElec rC+ Stlth-} (You found it on level 5 of the Pits of Slime)
 56905 | Depths:1 | Entered Level 1 of the Depths
 56948 | Depths:1 | Reached skill level 10 in Spellcasting
 57400 | Depths:1 | Reached skill level 1 in Conjurations
 57569 | Depths:1 | Reached XP level 23. HP: 67/228 MP: 28/28
 58065 | Depths:1 | Found Vihyf's Food Boutique.
 58720 | Depths:1 | Found a gateway to Hell.
 59356 | Crypt:1  | Entered Level 1 of the Crypt
 62006 | Crypt:3  | Entered Level 3 of the Crypt
 62080 | Crypt:3  | Found a staircase to the Tomb.
 63135 | Vaults:5 | Entered Level 5 of the Vaults
 63137 | Vaults:5 | Reached XP level 24. HP: 111/238 MP: 28/28
 63225 | Vaults:5 | HP: 1/238 [quicksilver dragon/bolt of dispelling energy (46)]
 63238 | Vaults:4 | HP: 11/238 [quicksilver dragon (1)]
 63247 | Vaults:4 | HP: 6/238 [quicksilver dragon (10)]
 63247 | Vaults:4 | Slain by a quicksilver dragon

Skill      XL: |  1  2  3  4  5  6  7  8  9 10 11 12 13 14 15 16 17 18 19 20 21 22 23 24 |
---------------+-------------------------------------------------------------------------+-----
Crossbows      | 5 6 7 7 8 9 10 11 12 13 14 15 16 17 18 | 18.6
Fighting       | 2 3 4 4 6 7 8 9 10 11 12 14 15 16 17 18 | 18.6
Maces & Flails | 1 2 |  2.6
Armour         | 1 2 3 4 5 7 8 9 10 11 12 13 14 15 | 15.7
Dodging        | 3 4 5 6 7 8 9 10 | 10.9
Evocations     | 1 2 0 |  0.0
Stealth        | 2 3 4 0 |  0.0
Long Blades    | 1 3 6 7 9 10 11 12 13 14 15 16 | 16.2
Translocations | 4 6 7 8 10 11 12 13 14 | 14.2
Spellcasting   | 1 2 3 4 5 6 8 9 10 11 | 11.1
Throwing       | 2 3 4 |  4.2
Conjurations   | 1 3 |  3.9

Action                   |  1- 3 |  4- 6 |  7- 9 | 10-12 | 13-15 | 16-18 | 19-21 | 22-24 || total
-------------------------+-------+-------+-------+-------+-------+-------+-------+-------++-------
Melee: Club              |    66 |       |       |       |       |       |       |       ||    66
       Flail             |    38 |   136 |       |       |       |       |       |       ||   174
       Long sword        |       |    17 |   168 |   475 |  1047 |  1177 |   918 |   605 ||  4407
       Hand crossbow     |       |       |       |     9 |       |       |       |       ||     9
       Short sword       |       |       |       |       |     8 |       |       |       ||     8
 Fire: Hand crossbow     |    59 |    16 |   108 |   307 |   543 |  1103 |  1449 |  1420 ||  5005
       Arbalest          |       |       |       |       |       |       |     6 |     1 ||     7
Throw: Tomahawk          |       |       |       |       |    49 |    63 |    10 |     4 ||   126
       Javelin           |       |       |       |       |       |       |       |     4 ||     4
 Cast: Blink             |       |       |       |       |    65 |    66 |   202 |   191 ||   524
       Apportation       |       |       |       |       |       |       |       |    86 ||    86
       Force Lance       |       |       |       |       |       |       |       |     2 ||     2
Invok: Sacrifice Skill   |       |       |     1 |       |       |       |       |       ||     1
       Draw Out Power    |       |       |       |    34 |    52 |    71 |    55 |    58 ||   270
       Sacrifice Love    |       |       |       |     1 |       |       |       |       ||     1
       Sacrifice Arcana  |       |       |       |     1 |       |       |       |       ||     1
       Sacrifice Artific |       |       |       |     1 |       |       |       |       ||     1
       Apocalypse        |       |       |       |       |     8 |       |     5 |     4 ||    17
       Sacrifice Stealth |       |       |       |       |     1 |       |       |       ||     1
       Power Leap        |       |       |       |       |       |       |       |     1 ||     1
 Abil: Heal Wounds       |       |     1 |     6 |     5 |    14 |     6 |       |    14 ||    46
Evoke: Wand              |       |     9 |     4 |     1 |       |       |       |       ||    14
  Use: Scroll            |     3 |     5 |     1 |    10 |    14 |    11 |    11 |     7 ||    62
       Potion            |     3 |     7 |     2 |     4 |    12 |     3 |     3 |     4 ||    38
 Stab: Paralysed         |       |     2 |       |       |    27 |    12 |     4 |     8 ||    53
       Sleeping          |       |       |     1 |     3 |       |       |       |       ||     4
       Invisible         |       |       |       |     4 |    10 |    22 |    11 |    10 ||    57
       Distracted        |       |       |       |     4 |     8 |     9 |     9 |     3 ||    33
       Confused          |       |       |       |       |       |     1 |       |       ||     1
  Eat: Chunk             |     2 |     5 |    12 |    20 |    57 |    19 |    43 |     7 ||   165
       Royal jelly       |       |       |       |       |     1 |     8 |     2 |    10 ||    21
       Meat ration       |       |       |       |       |     1 |     2 |       |     1 ||     4
       Fruit             |       |       |       |       |       |       |       |     2 ||     2
Armor: Ring mail         |     7 |    59 |    54 |   154 |   205 |       |       |       ||   479
       Chain mail        |   123 |    36 |       |       |   196 |   507 |   394 |   256 ||  1512
       Scale mail        |       |       |       |       |       |       |       |   118 ||   118
Dodge: Dodged            |    78 |   111 |   123 |   336 |   679 |   747 |   611 |   572 ||  3257
Block: Other             |       |       |       |       |       |   214 |   191 |   158 ||   563
       Reflection        |       |       |       |       |       |    46 |    27 |     5 ||    78
       Rpst.: Long sword |       |     4 |    32 |    76 |   164 |   119 |   105 |    69 ||   569
